 Dungeon Crawl Stone Soup version 0.29.1-2-gbd0b4ee654 (webtiles) character file.

Game seed: 12142308993906658003

32 Avanven the Ruffian (level 3, -2/36 HPs)
             Began as a Troll Fighter on Nov 17, 2022.
             Engulfed by a cloud of flame (17 damage)
             ... on level 2 of the Dungeon.
             The game lasted 00:01:21 (777 turns).

Avanven the Ruffian (Troll Fighter)                  Turns: 777, Time: 00:01:23

Health: -2/36      AC:  4    Str: 26    XL:     3   Next: 8%
Magic:  2/2        EV:  8    Int:  4    God:
Gold:   114        SH:  8    Dex:  9    Spells: 2/2 levels left

rFire   . . .      SeeInvis .     - Unarmed
rCold   . . .      Faith    .   b - +1 kite shield
rNeg    . . .      Spirit   .   a - +0 robe
rPois   .          Reflect  .   (helmet restricted)
rElec   .          Harm     .   (no cloak)
rCorr   .          Rampage  .   (gloves unavailable)
Will    .....                   (boots unavailable)
Stlth   +.........              (no amulet)
HPRegen 0.92/turn               (no ring)
MPRegen 0.08/turn               (no ring)

@: no status effects
A: large, unfitting armour, claws 3, regeneration 1, shaggy fur 1, tough skin 1
a: no special abilities


You were on level 2 of the Dungeon.
You visited 1 branch of the dungeon, and saw 2 of its levels.

You collected 114 gold pieces.

Inventory:

Armour
 a - a +0 robe (worn)
 b - a +1 kite shield (worn)
Scrolls
 d - a scroll of identify
Potions
 c - a potion of might
 i - a potion of mutation


   Skills:
 - Level 2.4 Fighting
 - Level 2.4 Dodging
 - Level 2.6 Shields
 + Level 3.6 Unarmed Combat


You had 2 spell levels left.
You didn't know any spells.
Your spell library was empty.

Dungeon Overview and Level Annotations

Branches:
Dungeon (2/15)

Altars:
Vehumet


Innate Abilities, Weirdness & Mutations

You are too large for most types of armour.
You have claws for hands.
Your natural rate of healing is unusually fast.
You are covered in fur. (AC +1)
You have tough skin. (AC +1)


Message History

You barely miss the bat. The bat barely misses you. The bat barely misses you.
The bat hits you but does no damage. You block the bat's attack.
The bat hits you but does no damage. You block the bat's attack.
You block the bat's attack. The bat hits you. The bat barely misses you.
You block the bat's attack. The bat hits you but does no damage.
You block the bat's attack. You block the bat's attack.
The bat hits you but does no damage. The bat hits you.
An endoplasm comes into view.
The bat hits you but does no damage. The bat hits you but does no damage.
The bat barely misses you.
You barely miss the goblin. The bat hits you but does no damage.
The goblin hits you but does no damage.
You scratch the goblin.
You kill the goblin!
The bat hits you but does no damage.
You have reached level 3!
Your experience leads to an increase in your attributes!
Increase (S)trength, (I)ntelligence, or (D)exterity?
You feel stronger. x3
You claw the goblin!
You kill the goblin!
The bat hits you.
The endoplasm quivers.
You claw the goblin!
You kill the goblin!
You block the bat's attack. The bat barely misses you.
You claw the bat!
The bat explodes!
The fiery explosion engulfs the kobold!
You kill the kobold!
The fiery explosion engulfs you!!
Ouch! That really hurt!
You are engulfed in blazing flames.
You die...

.#.##.##..#...
...........J.
..........#.
....._.....
..........# .
.....§§§..# ..#
.....§§§..#...#
<#.####@.......
......)<.......
.#.####.###....
#.. .[. #.## .
#.. ###


You could see an endoplasm.

Vanquished Creatures
  A dart slug (D:1)
  3 ball pythons (D:1)
  An endoplasm (D:1)
  2 giant cockroaches (D:1)
  A hobgoblin (D:1)
  2 quokkas (D:1)
  5 bats
  3 frilled lizards (D:1)
  7 goblins
  2 kobolds
  3 rats (D:1)
30 creatures vanquished.

Notes
Turn   | Place    | Note
-------+----------+-------------------------------------------
     0 | D:1      | Avanven the Troll Fighter began the quest for the Orb.
     0 | D:1      | Reached XP level 1. HP: 22/22 MP: 0/0
   268 | D:1      | Reached XP level 2. HP: 19/29 MP: 1/1
   339 | D:1      | Reached skill level 3 in Unarmed Combat
   750 | D:2      | Found a radiant altar of Vehumet.
   775 | D:2      | Reached XP level 3. HP: 36/36 MP: 2/2
   777 | D:2      | Engulfed by a cloud of flame

Illustrated notes

Levels and vault maps discovered:
D:1:      pf_arrival_petrified_forest, layout_loops_ring, grunt_decor_clamped
D:2:      layout_basic, basic_ecumenical_altar, basic_altar, minmay_door_square,
          serial_park_tiny_pond, dk_noncrumbling_3, nicolae_wormholes,
          uniq_robin

Skill      XL: |  1  2 |
---------------+-------+-----
Unarmed Combat | 3 |  3.6
Fighting       | |  2.4
Dodging        | |  2.4
Shields        | |  2.6

Action                   || total
-------------------------++-------
Melee: Unarmed           ||    61
  Use: Scroll            ||     6
Armor: Robe              ||    18
Dodge: Dodged            ||    22
Block: Kite shield       ||    24
